Map: Frozen Temple

Players

Miszu - Winner!

  • Race: Terran Terran
  • League: Master

Nesnow

  • Race: Terran Terran
  • League: Grandmaster

VOD

Have the link to the VOD?

Description

Time

  • Played on: April 30, 2016, 7:26 p.m.
  • Length: 12:07
Show
View Real Time Build Order
Export as new Build Order

Miszu Terran - Winner!

Build Orders: 1/1/1, Liberator Opening, MMM Bio 

Get SALT Encoding   

  12  0:01  SCV  
  13  0:14  SCV  
  14  0:17  Supply Depot  
  14  0:26  SCV  
  15  0:30  Refinery  
  15  0:39  SCV  
  16  0:45  Barracks  
  16  0:51  SCV  
  17  0:59  Refinery  
  17  1:03  SCV  
  18  1:15  SCV  
  19  1:27  SCV  
  20  1:33  Factory  
  20  1:36  Reaper  
  20  1:39  SCV  
  22  1:48  Supply Depot  
  22  1:56  Orbital Command  
  22  2:09  Reaper  
  23  2:18  Starport  
  23  2:23  Hellion  
  23  2:26  SCV  
  26  2:37  Supply Depot  
  26  2:38  SCV  
  26  2:42  Reaper, Liberator  
  28  2:47  Hellion  
  28  2:50  SCV  
  31  3:02  SCV  
  35  3:06  Supply Depot  
  37  3:14  Factory Tech Lab, SCV  
  37  3:21  Barracks Reactor  
  36  3:35  Command Center  
  36  3:42  Cyclone  
  36  3:45  SCV  
  40  3:50  Supply Depot  
  40  3:59  Marine  
  40  4:01  Marine  
  45  4:14  SCV  
  43  4:21  Viking  
  42  4:25  Barracks, Siege Tank  
  42  4:28  Barracks, SCV  
  46  4:40  SCV  
  47  4:46  Orbital Command  
  47  4:52  Starport Reactor, SCV  
  48  4:57  Marine, Siege Tank  
  48  4:58  Marine  
  53  5:04  Engineering Bay, SCV  
  54  5:07  Orbital Command  
  54  5:14  Barracks Tech Lab x2  
  54  5:16  Marine, SCV  
  54  5:17  Marine  
  57  5:28  SCV  
  57  5:33  Stimpack, SCV  
  57  5:34  Marine  
  59  5:40  SCV  
  59  5:41  Medivac x2  
  64  5:45  SCV  
  64  5:47  Refinery  
  64  5:49  Supply Depot  
  65  5:53  Marine, SCV  
  65  5:54  Marine  
  65  5:55  Marine x2  
  70  5:59  Terran Infantry Weapons Level 1  
  70  6:05  Supply Depot  
  70  6:11  Marine, SCV  
  72  6:12  Supply Depot, Marine, SCV  
  72  6:16  Marine x2  
  76  6:23  SCV  
  76  6:24  Siege Tank  
  78  6:29  Marine  
  75  6:40  Marine x3  
  75  6:44  Barracks, SCV x2  
  75  6:46  Barracks  
  80  6:49  Supply Depot  
  80  6:50  Supply Depot  
  80  6:51  Refinery  
  80  6:55  Medivac x2  
  80  6:56  SCV  
  85  7:05  SCV  
  86  7:17  Command Center  
  66  7:32  Medivac  
  66  7:33  Medivac  
  66  7:34  SCV x2  
  66  7:37  Supply Depot  
  72  7:39  Marine x2  
  72  7:42  Barracks Reactor, Combat Shields  
  74  7:45  Barracks Reactor  
  74  7:46  SCV x2  
  74  7:47  Marine x2  
  74  7:51  Siege Tank  
  81  7:56  Terran Infantry Armor Level 1  
  81  7:57  Marine  
  81  7:58  SCV x2  
  83  8:00  Marine  
  83  8:05  Marine  
  85  8:23  Marine x5  
  90  8:28  Marine x3  
  90  8:30  Medivac  
  95  8:35  Orbital Command  
  95  8:38  Siege Tank  
  95  8:41  Marine x3, SCV  
  100  8:43  SCV  
  103  8:51  Sensor Tower  
  103  8:53  Marine x3  
  106  8:59  Marine x4  
  106  9:01  Marine  
  111  9:10  Siege Tank  
  114  9:17  Marine  
  114  9:18  Marine x3, Medivac  
  114  9:20  SCV x2  
  122  9:24  Engineering Bay, Armory  
  122  9:26  Refinery  
  122  9:27  Marine  
  122  9:28  Refinery  
  122  9:29  Marine x2  
  125  9:32  Marine  
  123  9:47  Marine  
  123  9:48  Marine x3  
  123  9:49  Marine  
  123  9:51  Marine  
  128  9:54  Marine  
  129  10:01  Marine  
  129  10:02  Siege Tank  
  133  10:12  Marine x4, Medivac x2  
  141  10:14  Supply Depot  
  141  10:26  Marine x3  
  140  10:32  Marine  
  141  10:36  Marine x4  
  145  10:43  Marine x2, Medivac  
  149  11:06  Factory  
  149  11:17  Supply Depot x2, Marine x4, Medivac x2  
  157  11:19  Supply Depot  
  157  11:27  Marine x2  
  157  11:28  Marine x2, Sensor Tower, Siege Tank  
  164  11:35  Marine  
  164  11:36  Barracks  
  164  11:38  Marine x3  
  168  11:45  Marine x4  
Show
View Real Time Build Order
Export as new Build Order

Nesnow Terran 

Build Orders: 1/1/1, Bio Tank 

Get SALT Encoding   

  12  0:01  SCV  
  13  0:13  SCV  
  14  0:18  Supply Depot  
  14  0:26  SCV  
  15  0:31  Refinery  
  15  0:40  SCV  
  16  0:45  Barracks  
  16  0:52  SCV  
  16  0:56  Refinery  
  17  1:04  SCV  
  18  1:16  SCV  
  19  1:32  Orbital Command  
  19  1:33  Factory  
  19  1:37  Reaper  
  20  1:44  Supply Depot  
  20  1:58  SCV  
  21  2:10  Reaper, SCV  
  23  2:18  Starport  
  23  2:19  Hellion  
  25  2:24  SCV  
  25  2:28  Supply Depot  
  26  2:36  SCV  
  27  2:40  Hellion  
  27  2:43  Barracks Tech Lab  
  29  2:48  SCV  
  30  2:54  Supply Depot  
  30  3:01  SCV  
  31  3:10  Factory Tech Lab  
  34  3:15  SCV  
  34  3:18  Raven  
  34  3:19  Barracks Reactor  
  34  3:30  Command Center  
  34  3:32  SCV  
  35  3:38  Cyclone  
  38  3:44  SCV  
  39  3:50  Supply Depot  
  39  3:56  Marine x2  
  39  3:57  SCV  
  39  4:01  Viking  
  44  4:09  SCV  
  45  4:16  Marine x2  
  46  4:20  Siege Tank  
  46  4:21  SCV  
  50  4:26  Supply Depot  
  50  4:34  Marine x2  
  50  4:37  SCV  
  53  4:43  Orbital Command  
  53  4:45  Viking  
  53  4:49  SCV  
  53  4:52  Siege Tank  
  59  5:01  SCV  
  59  5:04  Orbital Command  
  60  5:10  Barracks  
  60  5:12  Marine  
  61  5:14  Stimpack  
  61  5:18  SCV  
  62  5:25  Siege Tank  
  65  5:31  SCV x2  
  67  5:37  Starport Reactor  
  67  5:43  SCV  
  67  5:44  SCV  
  67  5:48  Command Center  
  69  5:55  SCV  
  69  5:56  SCV  
  70  5:57  Siege Tank  
  73  6:06  Engineering Bay  
  73  6:07  SCV  
  73  6:08  SCV  
  75  6:12  Barracks  
  75  6:13  Refinery  
  75  6:14  Supply Depot  
  75  6:19  SCV  
  75  6:22  SCV  
  75  6:24  Starport Reactor  
  77  6:26  Marine  
  77  6:32  Refinery  
  78  6:35  Marine x2, Siege Tank, SCV x2  
  82  6:47  SCV x2  
  83  6:54  Marine x3  
  83  6:58  Barracks  
  83  7:00  Barracks, SCV x2  
  88  7:01  Orbital Command  
  88  7:02  Viking x2  
  90  7:09  Siege Tank  
  90  7:12  SCV x2  
  90  7:13  Marine x2  
  93  7:24  SCV  
  93  7:25  Marine  
  93  7:26  Marine x2  
  91  7:34  Medivac  
  91  7:36  Medivac  
  95  7:37  Marine x2  
  95  7:39  SCV x2, Orbital Command  
  95  7:43  Marine x2  
  101  7:51  Terran Infantry Weapons Level 1  
  101  7:52  Marine, Siege Tank  
  101  7:53  Barracks Reactor, Engineering Bay  
  101  7:55  Barracks Reactor  
  105  8:04  Supply Depot  
  105  8:05  SCV x2  
  107  8:09  SCV  
  108  8:13  Combat Shields  
  108  8:18  SCV  
  108  8:19  Medivac  
  107  8:22  SCV x2  
  107  8:23  Refinery  
  107  8:24  Refinery  
  107  8:26  Terran Infantry Armor Level 1  
  109  8:33  SCV  
  110  8:42  Marine x2  
  110  8:43  Marine x5  
  110  8:46  Supply Depot  
  110  8:47  Supply Depot  
  110  8:48  Marine, Siege Tank  
  121  8:52  Marine  
  122  9:00  Marine x3  
  122  9:01  Factory, Sensor Tower  
  125  9:13  Marine x6  
  111  9:18  Marine  
  111  9:20  Marine x2, Siege Tank  
  117  9:26  Medivac  
  117  9:27  Armory  
  117  9:30  Marine  
  117  9:31  Marine x4  
  124  9:42  Medivac  
  124  9:43  Marine x4  
  129  9:48  Marine  
  123  9:55  Siege Tank  
  123  9:56  Marine x4  
  123  9:59  Factory Tech Lab  
  128  10:02  Supply Depot  
  128  10:07  Supply Depot  
  128  10:08  Supply Depot  
  128  10:09  Supply Depot  
  126  10:22  Supply Depot  
  126  10:23  Supply Depot  
  124  10:30  Marine  
  124  10:34  Supply Depot  
  125  10:39  Marine x2, Medivac  
  125  10:40  Orbital Command  
  125  10:43  Marine x6, Medivac  
  125  10:48  Marine  
  134  10:56  Marine  
  135  10:57  Marine  
  135  11:01  Marine x4  
  140  11:08  Siege Tank x2  
  140  11:09  Medivac  
  148  11:12  Marine  
  148  11:17  Supply Depot  
  149  11:30  Supply Depot  
  149  11:31  Supply Depot  
  149  11:33  Supply Depot, Sensor Tower  
  149  11:35  Supply Depot  
  149  11:36  Marine x4, Medivac  
Tags
 
Add a new tag
Caveats
  • Supply blocks, unpowered buildings, or Contaminate may cause inaccurate times.
  • Supply counts are checked every 10 seconds.